 Seeded DCSS version 0.32-a0-898-g7811c86cf0 (webtiles) character file.

Game seed: 202404044 (custom seed)

72 Orlauf the Twirler (level 4, 0/35 HPs)
             Began as a Demonspawn Gladiator on Apr 4, 2024.
             Slain by a gnoll
             ... wielding a +0 spear
              (5 damage)
             ... on level 2 of the Dungeon.
             The game lasted 00:01:49 (1039 turns).

Orlauf the Twirler (Demonspawn Gladiator)           Turns: 1039, Time: 00:01:49

Health: 0/35       AC:  6    Str: 16    XL:     4   Next: 6%
Magic:  4/4        EV: 12    Int:  9    God:
Gold:   60         SH:  0    Dex: 14    Spells: 3/3 levels left

rFire   . . .        a - +0 quarterstaff
rCold   . . .        (shield currently unavailable)
rNeg    . . .        g - +0 ring mail
rPois   .            c - +0 helmet
rElec   .            (no cloak)
rCorr   .            (no gloves)
SInv    .            (no boots)
Will    .....        (no amulet)
Stlth   +            (no ring)
HPRegen 0.25/turn    (no ring)
MPRegen 0.09/turn

%: no passive effects
@: weak-willed
A: claws 2, repulsion field 1
a: no special abilities


You were on level 2 of the Dungeon.
You visited 1 branch of the dungeon, and saw 2 of its levels.

You collected 60 gold pieces.

Inventory:

Hand Weapons
 a - a +0 quarterstaff (weapon)
Missiles
 d - 3 throwing nets
Armour
 c - a +0 helmet (worn)
 g - a +0 ring mail (worn)
Scrolls
 b - 2 scrolls of identify
 f - a scroll of fog
Potions
 h - a potion of cancellation


   Skills:
 + Level 3.0 Fighting
 * Level 4.0 Staves
 - Level 1.7 Throwing
 - Level 2.6 Dodging


You had 3 spell levels left.
You didn't know any spells.
Your spell library was empty.

Dungeon Overview and Level Annotations

Branches:
Dungeon (2/15)

Altars:


Innate Abilities, Weirdness & Mutations

You have very sharp fingernails.
You are surrounded by a mild repulsion field. (EV +2)


Message History

Okay, then.
You thump the gnoll!
The gnoll is almost dead.
The gnoll hits you but does no damage.
A rat comes into view.
The goblin misses you.
Okay, then.
The rat squeaks loudly.
You hit the gnoll.
You kill the gnoll!
You hear a shout!
The goblin closely misses you.
Your Fighting skill increases to level 3!
Your Staves skill increases to level 4!
You have reached level 4!
You feel clever.
Your demonic ancestry asserts itself...
Your fingernails sharpen.
You barely miss the hobgoblin.
A goblin comes into view. It is wielding a +0 club.
The hobgoblin hits you but does no damage.
The goblin hits you with a +0 dagger.
* * * LOW HITPOINT WARNING * * *
The rat closely misses you. The gnoll closely misses you.
You barely miss the hobgoblin. The hobgoblin barely misses you.
A hobgoblin comes into view.
The goblin closely misses you. The rat bites you but does no damage.
The gnoll closely misses you.
You hit the hobgoblin but do no damage. The quokka bites you.
* * * LOW HITPOINT WARNING * * *
The hobgoblin closely misses you. The goblin hits you but does no damage.
The rat closely misses you.
The gnoll hits you from afar with a +0 spear.
* * * LOW HITPOINT WARNING * * *
The quokka bites you but does no damage.
You hit the hobgoblin.
You kill the hobgoblin!
The rat bites you but does no damage. The goblin completely misses you.
The quokka bites you but does no damage.
The gnoll hits you from afar with a +0 spear.
You die...

... .........
...## ..#....
.............g##
...............#
.......#......#
#.....gr.....
#..>.grr.#
#....#@# ##..gr#$#
....
....#.#g######....
...#...#.........
#....g............
##g#.)#...........
..
#..#.............
.
#......†.........
#.)#...†.....#.#


You could see a gnoll (weak-willed), a quokka, a hobgoblin, 2 goblins and 2
rats.

Vanquished Creatures
  2 gnolls (D:2)
  An adder (D:2)
  2 dart slugs (D:1)
  3 ball pythons (D:1)
  2 endoplasms (D:1)
  8 goblins (D:1)
  3 hobgoblins
  4 jackals (D:2)
  4 quokkas
  3 bats (D:1)
  A frilled lizard (D:1)
  5 kobolds
  A rat (D:2)
39 creatures vanquished.

Notes
Turn   | Place    | Note
-------+----------+-------------------------------------------
     0 | D:1      | Orlauf the Demonspawn Gladiator began the quest for the
                  | Orb.
     0 | D:1      | Reached XP level 1. HP: 16/16 MP: 1/1
   105 | D:1      | Reached skill level 3 in Staves
   116 | D:1      | Gained mutation: You have sharp fingernails. [demonic
                  | ancestry]
   116 | D:1      | Reached XP level 2. HP: 4/22 MP: 2/2
   597 | D:1      | Gained mutation: You are surrounded by a mild repulsion
                  | field. (EV +2) [demonic ancestry]
   597 | D:1      | Reached XP level 3. HP: 28/28 MP: 3/3
  1036 | D:2      | Reached skill level 4 in Staves
  1036 | D:2      | Gained mutation: You have very sharp fingernails. [demonic
                  | ancestry]
  1036 | D:2      | Reached XP level 4. HP: 10/35 MP: 4/4
  1039 | D:2      | Slain by a gnoll

Illustrated notes

Levels and vault maps discovered:
D:1:      lemuel_arrival_lava_pool, layout_rooms
D:2:      layout_rooms, minmay_goblin_outpost

Skill      XL: |  1  2  3 |
---------------+----------+-----
Staves         | 3 4 |  4.0
Fighting       | 3 |  3.0
Throwing       | |  1.7
Dodging        | |  2.6

Action                     |  1- 3 |  4- 6 || total
---------------------------+-------+-------++-------
  Melee: Quarterstaff      |   100 |     4 ||   104
  Throw: Javelin           |     5 |       ||     5
    Use: Scroll            |     5 |       ||     5
 Armour: Leather armour    |    25 |       ||    25
         Ring mail         |    53 |    10 ||    63
  Dodge: Dodged            |   112 |     8 ||   120

Table legend: (Time is in decaauts)
 A = Elapsed time spent in this place.
 B = Non-inter-level travel time spent in this place.
 C = Inter-level travel time spent in this place.
 D = Time resting spent in this place.
 E = Time spent auto-exploring this place.
 F = Levels seen in this place.
 G = Mean time per level.
                   A        B        C        D        E       F      G
               +--------+--------+--------+--------+--------+-----+--------+
         Total |   1055 |   1037 |     18 |    100 |    682 |   2 |  527.5 |
       Dungeon |   1055 |   1037 |     18 |    100 |    682 |   2 |  527.5 |
               +--------+--------+--------+--------+--------+-----+--------+

Top non-repeatable levels by time:
     D:1: 926 daAuts
     D:2: 128 daAuts
